Map: Odyssey LE

Players

Overmind

  • Race: Zerg Zerg
  • League: Diamond
  • Spawn Location: 11:00

ThetaWaves - Winner!

  • Race: Protoss Protoss
  • League: Diamond
  • Spawn Location: 5:00

VOD

Have the link to the VOD?

Description

Time

  • Played on: Sept. 7, 2017, 3:05 a.m.
  • Length: 12:51
Show
View Real Time Build Order
Export as new Build Order

Overmind Zerg 

Build Orders: Hatch First 

Get SALT Encoding   

  12  0:01  Drone  
  13  0:15  Overlord  
  13  0:19  Drone  
  14  0:34  Drone x2  
  16  0:38  Drone  
  17  0:53  Hatchery  
  16  0:57  Drone  
  17  1:10  Spawning Pool  
  16  1:14  Drone  
  16  1:17  Drone  
  18  1:20  Drone  
  19  1:42  Hatchery  
  19  1:46  Drone  
  19  1:50  Drone  
  21  1:54  Drone  
  21  2:05  Queen  
  21  2:07  Queen  
  25  2:13  Drone x2  
  27  2:21  Drone  
  28  2:26  Overlord  
  28  2:37  Overlord  
  28  2:42  Extractor  
  28  2:43  Drone  
  28  2:48  Drone x3  
  31  2:52  Roach Warren  
  30  3:00  Drone x4  
  34  3:11  Spine Crawler, Zergling x6  
  36  3:21  Spine Crawler, Queen  
  36  3:23  Zergling x4  
  28  3:52  Zergling x6  
  22  4:27  Spine Crawler  
  21  4:57  Drone x5  
  21  4:58  Drone  
  27  5:21  Roach x3, Spine Crawler  
  30  5:31  Overlord  
  30  5:34  Drone x2  
  31  5:39  Metabolic Boost  
  25  6:05  Spine Crawler  
  24  6:13  Drone x5  
  24  6:14  Roach Warren  
  28  6:22  Drone x2  
  28  6:49  Lair  
  28  6:55  Evolution Chamber  
  28  6:56  Drone x6  
  28  6:57  Evolution Chamber, Drone  
  33  7:22  Zerg Melee Weapons Level 1  
  33  7:23  Queen  
  35  7:33  Zergling x8  
  35  7:34  Zergling x4  
  41  7:42  Zergling x2  
  42  7:47  Zerg Ground Armor Level 1  
  42  7:50  Extractor  
  41  7:59  Zergling x6  
  38  8:21  Zergling x2  
  38  8:22  Zergling x10  
  42  8:31  Spine Crawler  
  42  8:32  Spine Crawler  
  37  8:54  Zergling x2  
  37  8:55  Zergling x18  
  44  9:09  Overlord  
  44  9:10  Overlord x3  
  44  9:14  Hatchery  
  43  9:19  Queen  
  40  9:35  Zergling x18  
  42  9:47  Zergling x4  
  42  9:48  Zerg Melee Weapons Level 2  
  41  9:58  Queen  
  40  10:28  Zergling x4  
  35  10:29  Zergling x16  
  44  10:36  Evolution Chamber  
  43  10:49  Zergling x4  
  46  10:50  Zergling x8  
  46  10:51  Spine Crawler  
  46  10:52  Spine Crawler  
  42  11:09  Zergling x12  
  42  11:10  Zergling x8  
  43  11:26  Zergling x6  
  43  11:27  Zergling x6  
  48  11:37  Infestation Pit  
  43  11:44  Spine Crawler  
  37  11:48  Spine Crawler  
  30  11:59  Spine Crawler  
  27  12:01  Zergling x4  
  27  12:02  Zergling x4  
Show
View Real Time Build Order
Export as new Build Order

ThetaWaves Protoss - Winner!

Build Orders:  

Get SALT Encoding   

  12  0:08  Pylon  
  13  0:14  Probe (Chrono Boost)  
  13  0:26  Gateway  
  13  0:31  Probe (Chrono Boost)  
  14  0:38  Assimilator  
  15  0:44  Probe (Chrono Boost)  
  15  0:56  Probe (Chrono Boost)  
  16  1:08  Probe (Chrono Boost)  
  17  1:14  Cybernetics Core  
  17  1:15  Gateway  
  18  1:20  Warp Gate, Probe (Chrono Boost)  
  18  1:26  Pylon  
  18  1:32  Probe (Chrono Boost)  
  19  1:44  Probe (Chrono Boost)  
  20  1:51  Stalker  
  22  1:56  Probe (Chrono Boost)  
  23  2:04  Stalker  
  26  2:08  Probe (Chrono Boost)  
  26  2:20  Probe (Chrono Boost)  
  26  2:21  Stalker  
  29  2:26  Gateway  
  29  2:32  Probe (Chrono Boost)  
  29  2:35  Pylon  
  30  2:46  Probe (Chrono Boost)  
  31  2:55  Pylon  
  32  2:59  Probe (Chrono Boost)  
  32  3:05  Pylon  
  32  3:23  Zealot x2  
  32  3:24  Zealot  
  38  3:46  Zealot x2  
  38  3:47  Zealot  
  36  4:00  Probe (Chrono Boost)  
  35  4:07  Zealot x3  
  38  4:12  Probe (Chrono Boost)  
  38  4:13  Nexus  
  38  4:16  Zealot x3  
  39  4:23  Assimilator  
  39  4:26  Probe (Chrono Boost)  
  40  4:31  Forge  
  40  4:38  Probe (Chrono Boost)  
  41  4:50  Probe (Chrono Boost)  
  42  4:55  Assimilator  
  42  4:57  Assimilator  
  42  5:00  Twilight Council  
  42  5:02  Probe (Chrono Boost)  
  44  5:14  Probe (Chrono Boost)  
  44  5:32  Probe x2 (Chrono Boost)  
  47  5:44  Probe (Chrono Boost)  
  47  5:48  Protoss Ground Weapons Level 1  
  46  5:50  Probe (Chrono Boost)  
  46  5:54  Stalker x2  
  46  5:55  Stalker  
  48  5:57  Blink  
  48  6:10  Probe (Chrono Boost)  
  50  6:12  Probe (Chrono Boost)  
  50  6:22  Probe (Chrono Boost)  
  50  6:24  Pylon  
  51  6:26  Pylon  
  51  6:27  Probe (Chrono Boost)  
  51  6:28  Probe (Chrono Boost)  
  51  6:30  Gateway x2  
  53  6:33  Pylon  
  53  6:46  Probe x2 (Chrono Boost)  
  53  6:52  Robotics Facility  
  53  6:58  Probe x2 (Chrono Boost)  
  55  7:02  Sentry  
  55  7:03  Sentry x2  
  62  7:10  Probe x2 (Chrono Boost)  
  63  7:22  Probe (Chrono Boost)  
  64  7:23  Nexus  
  64  7:25  Pylon  
  64  7:36  Protoss Ground Weapons Level 2  
  64  7:42  Stalker x5  
  74  7:45  Observer  
  75  8:06  Stalker x5  
  83  8:15  Photon Cannon  
  83  8:18  Pylon  
  83  8:21  Pylon  
  83  8:22  Photon Cannon  
  83  8:31  Zealot x3  
  82  8:53  Stalker x5  
  90  9:09  Probe x2 (Chrono Boost)  
  92  9:13  Immortal  
  86  9:44  Stalker x5  
  86  9:45  Probe x2 (Chrono Boost)  
  91  9:54  Probe (Chrono Boost)  
  91  9:57  Probe (Chrono Boost)  
  91  9:59  Probe (Chrono Boost)  
  93  10:00  Gateway  
  93  10:01  Gateway  
  93  10:02  Gateway  
  93  10:05  Pylon  
  93  10:06  Probe (Chrono Boost)  
  94  10:07  Warp Prism  
  96  10:29  Stalker x5  
  106  10:38  Probe x3 (Chrono Boost)  
  105  10:45  Immortal  
  112  10:50  Probe (Chrono Boost)  
  112  10:51  Assimilator, Probe x2 (Chrono Boost)  
  112  10:52  Assimilator  
  108  11:07  Stalker  
  108  11:08  Stalker x4  
  114  11:28  Stalker x3  
  114  11:32  Probe x3 (Chrono Boost)  
  115  11:54  Stalker x4  
  115  11:55  Stalker x4  
  132  12:10  Probe x2 (Chrono Boost)  
  133  12:20  Nexus  
Tags
 
Add a new tag
Caveats
  • Supply blocks, unpowered buildings, or Contaminate may cause inaccurate times.
  • Supply counts are checked every 10 seconds.